 Dungeon Crawl Stone Soup version 0.16-a0-4088-g7c8221e (webtiles) character file.

407 Eptagon the Insei (level 6, -3/38 HPs)
             Began as an Octopode Transmuter on Feb 23, 2015.
             Was a Follower of Ru.
             Slain by Poody's ghost (21 damage)
             ... on level 5 of the Dungeon.
             The game lasted 00:12:04 (5287 turns).

Eptagon the Insei (Octopode Transmuter)             Turns: 5287, Time: 00:12:04

Health: -3/38      AC:  1    Str:  9    XL:     6   Next: 88%
Magic:  10/10      EV: 12    Int: 16    God:    Ru [*.....]
Gold:   291        SH:  0    Dex: 14    Spells: 1 memorised, 8 levels left

rFire  . . .     SeeInvis +       - Unarmed
rCold  . . .     Clarity  .     (no shield)
rNeg   . . .     SustAb   .     (helmet restricted)
rPois  .         Gourm    .     (no amulet)
rElec  .         Spirit   .     n - ring of see invisible
rCorr  .         Warding  .     (no ring)
rMut   .         Stasis   .     (no ring)
MR     .....                    (no ring)
Stlth  ++........               (no ring)
                                (no ring)
                                (no ring)
                                (no ring)

@: hasted, very quick, not resistant to hostile enchantments, unstealthy
A: almost no armour, amphibious, 8 rings, constrict 8, camouflage 1, gelatinous
body 1, hated by all
a: Renounce Religion


You were on level 5 of the Dungeon.
You worshipped Ru.
Ru was aware of your devotion.
You were not hungry.

You visited 1 branch of the dungeon, and saw 5 of its levels.

You collected 291 gold pieces.

Inventory:

Hand weapons
 a - a +0 blowgun
 c - a +0 hunting sling
Missiles
 h - 23 poisoned needles
 y - 7 javelins (quivered)
Jewellery
 n - a ring of see invisible (left tentacle)
Magical devices
 w - a wand of frost (33)
Scrolls
 b - 2 scrolls of teleportation {unknown}
 e - a scroll of amnesia {unknown}
 f - 5 scrolls of remove curse {unknown}
 g - a scroll of magic mapping {unknown}
 u - a scroll of random uselessness {unknown}
Potions
 i - a potion of might
 j - a potion of flight
 l - a potion of haste
 m - a potion of curing
 o - a potion of ambrosia
 t - 3 potions of brilliance
 v - a potion of restore abilities {unknown}
Books
 d - a book of Changes

   Spells                             Type                      Level
   a - Beastly Appendage              Transmutation                1
   b - Sticks to Snakes               Transmutation                2
   c - Spider Form                    Transmutation/Poison         3
   d - Ice Form                       Ice/Transmutation            4
   e - Blade Hands                    Transmutation                5
 q - a book of the Earth

   Spells                             Type                      Level
   a - Leda's Liquefaction            Hexes/Earth                  4
   b - Bolt of Magma                  Conjuration/Fire/Earth       5
   c - Statue Form                    Transmutation/Earth          6
   d - Iron Shot                      Conjuration/Earth            6
   e - Shatter                        Earth                        9
Comestibles
 k - a chunk of flesh
 p - a slice of pizza
 r - 7 bread rations
 x - a meat ration
 z - a beef jerky


   Skills:
 - Level 1.0 Fighting
 - Level 2.0 Dodging
 + Level 7.5 Unarmed Combat
 - Level 2.0 Spellcasting
 - Level 2.0 Transmutations


You had 8 spell levels left.
You knew the following spells:

 Your Spells              Type           Power        Failure   Level  Hunger
a - Beastly Appendage     Trmt           #.....       10%         1    #......


Dungeon Overview and Level Annotations

Branches:
Dungeon (5/15)             Temple (0/1) D:4

Altars:
Ashenzari
Elyvilon
Fedhas
Ru
Trog
Zin
The Shining One

Shops:
D:2 *

Annotations:
D:5 Poody's ghost, experienced MfGl


Innate Abilities, Weirdness & Mutations

You cannot wear most types of armour.
You are amphibious.
You can wear up to eight rings at the same time.
You can use your tentacles to constrict many enemies at once.
Your skin changes colour to match your surroundings (Stealth).
Your rubbery body absorbs attacks (AC +1).
You are hated by all.


Message History

Things that are here:
a dagger; an orc skeleton Poody's ghost turns its malevolent gaze towards you.
Poody's ghost hits you!!
Ouch! That really hurt!
Poody's ghost burns you.
* * * LOW HITPOINT WARNING * * *
Drink which item? (? for menu, Esc to quit)
Okay, then.
Read which item? (? for menu, Esc to quit)
Okay, then.
Drink which item? (? for menu, Esc to quit)
You feel much better. Poody's ghost hits you! Poody's ghost burns you.
Drink which item? (? for menu, Esc to quit)
You feel yourself speed up.
You feel yourself speed up.
Poody's ghost wails.
Poody's ghost hits you!!
Ouch! That really hurt!
You die...

...................
...........#.#.....#
............#...._...
#..........##.#(....#.
#.......))##.........
###.......)..#.⌠.⌠.#.
##................
#.........#.....#
##....@W..........
#..)......$....##
#..........#####
##...##.....#
########...####...##
##.........## ##.##
...........# ###
#########..# #..#
#####


You could see Poody's ghost.

Vanquished Creatures
  A scorpion (D:5)
  A hound (D:5)
  An orc priest (D:5)
  A worker ant (D:5)
  An iguana (D:4)
  3 orc wizards
  6 adders
  A giant mite (D:3)
  2 worms (D:3)
  An adder skeleton (D:4)
  7 giant geckos
  An ooze (D:3)
  7 orcs
  A ball python (D:1)
  8 goblins
  8 hobgoblins
  3 jackals (D:2)
  9 kobolds
  4 quokkas
  10 bats
  5 giant cockroaches
  3 giant newts
  18 rats
102 creatures vanquished.

Notes
Turn   | Place    | Note
--------------------------------------------------------------
     0 | D:1      | Eptagon, the Octopode Transmuter, began the quest for the Orb.
     0 | D:1      | Reached XP level 1. HP: 13/13 MP: 3/3
   501 | D:1      | Reached XP level 2. HP: 18/18 MP: 4/4
   920 | D:2      | Reached skill level 4 in Unarmed Combat
  1027 | D:2      | Found a sacrificial altar of Ru.
  1030 | D:2      | Became a worshipper of Ru the Awakened
  1075 | D:2      | Reached XP level 3. HP: 23/23 MP: 6/6
  1401 | D:2      | Found a glowing silver altar of Zin.
  1521 | D:2      | Found Zin's Purification Station.
  1711 | D:2      | Found a glowing golden altar of the Shining One.
  1780 | D:2      | Found a blossoming altar of Fedhas.
  1802 | D:2      | Reached XP level 4. HP: 28/28 MP: 7/7
  2393 | D:3      | Reached skill level 5 in Unarmed Combat
  2680 | D:3      | Found a bloodstained altar of Trog.
  3290 | D:3      | Gained mutation: You are hated by all. [Ru sacrifice]
  3290 | D:3      | Acquired Ru's first power
  3349 | D:3      | Reached XP level 5. HP: 27/33 MP: 9/9
  3422 | D:3      | Reached skill level 6 in Unarmed Combat
  4209 | D:4      | Found a shattered altar of Ashenzari.
  4742 | D:4      | Reached XP level 6. HP: 38/38 MP: 10/10
  4794 | D:4      | Found a staircase to the Ecumenical Temple.
  4828 | D:5      | Entered Level 5 of the Dungeon
  5186 | D:5      | Reached skill level 7 in Unarmed Combat
  5238 | D:5      | Found a white marble altar of Elyvilon.
  5268 | D:5      | Noticed Poody's ghost (experienced MfGl)
  5287 | D:5      | Slain by Poody's ghost

Action                   |  1- 3 |  4- 6 || total
-------------------------+-------+-------++-------
Melee: Unarmed           |    90 |   156 ||   246
 Fire: Blowgun           |       |    22 ||    22
Invok: Sacrifice Love    |       |     1 ||     1
  Use: Scroll            |     4 |     5 ||     9
       Potion            |       |     2 ||     2
 Stab: Sleeping          |     4 |    12 ||    16
       Distracted        |       |     1 ||     1
  Eat: Chunk             |     3 |    11 ||    14
